 Dungeon Sprint DCSS version 0.28.0-47-ge53b351184 (webtiles) character file.

Game seed: 5277557109582820609

10400000 Groucho the Axe Maniac (level 27, -31/298 HPs)
             Began as a Deep Dwarf Gladiator on Apr 29, 2022.
             Was the Champion of Makhleb.
             Killed from afar by an observer (46 damage)
             ... with a fireball
             ... in the Dungeon (Sprint VIII: "Arena of Blood").
             The game lasted 00:10:17 (104 turns).

Groucho the Axe Maniac (Deep Dwarf Gladiator)        Turns: 104, Time: 00:10:18

Health: -31/298    AC:  8    Str: 22    XL:     27
Magic:  35/54      EV: 36    Int:  9    God:    Makhleb [******]
Gold:   0          SH:  0    Dex: 24    Spells: 80/80 levels left

rFire   . . .      SeeInvis .   k - +∞ Axe of Woe
rCold   . . .      Faith    .   (shield currently unavailable)
rNeg    + . .      Spirit   .   b - +0 leather armour
rPois   .          Reflect  .   c - +0 helmet
rElec   .          Harm     .   (no cloak)
rCorr   .          Rampage  .   (no gloves)
Will    ++++.      NoTele   +   (no boots)
Stlth   ++........              (no amulet)
HPRegen 0.00/turn               (no ring)
MPRegen 0.34/turn               (no ring)

@: no status effects
A: damage resistance, heal wounds, negative energy resistance 1, sense
surroundings 3, no regeneration
a: Heal Wounds, Renounce Religion, Minor Destruction, Lesser Servant of Makhleb,
Major Destruction, Greater Servant of Makhleb


You were in the Dungeon.
You worshipped Makhleb.
Makhleb was exalted by your worship.
You visited 1 branch

Inventory:

Hand Weapons
 a - a +0 war axe
 k - the +∞ Axe of Woe (weapon)
   (You found it in the Dungeon)
Missiles
 d - 3 throwing nets (quivered)
Armour
 b - a +0 leather armour (worn)
 c - a +0 helmet (worn)
Jewellery
 f - a +200 ring of slaying
 l - a +30 ring of slaying
 m - a +200 ring of slaying
 n - a +100 ring of slaying
 o - a +200 ring of slaying
 p - a +200 ring of slaying
 q - a +250 ring of slaying
 r - a +250 ring of slaying
 s - a +200 ring of slaying
 t - a +250 ring of slaying
 u - a +200 ring of slaying
Scrolls
 j - a scroll of blinking
Potions
 e - a potion of curing
 g - a potion of haste
 h - 2 potions of magic
 i - a potion of berserk rage


   Skills:
 O Level 27 Fighting
 O Level 27 Short Blades
 O Level 27 Long Blades
 O Level 27 Axes
 O Level 27 Maces & Flails
 O Level 27 Polearms
 O Level 27 Staves
 O Level 27 Slings
 O Level 27 Bows
 O Level 27 Crossbows
 O Level 27 Throwing
 O Level 27 Armour
 O Level 27 Dodging
 O Level 27 Shields
 O Level 27 Unarmed Combat
 O Level 27 Spellcasting
 O Level 27 Conjurations
 O Level 27 Hexes
 O Level 27 Summonings
 O Level 27 Necromancy
 O Level 27 Translocations
 O Level 27 Transmutations
 O Level 27 Fire Magic
 + Level 23.5 Ice Magic
 + Level 20.0 Air Magic
 O Level 27 Earth Magic
 + Level 21.8 Poison Magic
 O Level 27 Invocations
 O Level 27 Evocations


You had 80 spell levels left.
You didn't know any spells.
Your spell library was empty.

Dungeon Overview and Level Annotations

Branches:
Dungeon (1/1)

Altars:
Makhleb


Innate Abilities, Weirdness & Mutations

You are resistant to damage.
You can heal yourself by infusing magical energy.
You resist negative energy. (rN+)
You passively map a large area around you.
You do not regenerate.


Message History

The eight-headed meat hydra calls on the powers of darkness!
The eight-headed meat hydra convulses!
Something is bathed in an unholy light!
The eight-headed meat hydra convulses!
Your body is wracked with pain!
* * * LOW HITPOINT WARNING * * *
You hear a shout!
The eight-headed meat hydra calls on the powers of darkness!
The eight-headed meat hydra convulses!
Something is bathed in an unholy light!
The meat berserker convulses!
Your body is wracked with pain!
* * * LOW HITPOINT WARNING * * *
The eight-headed meat hydra convulses!
Something is bathed in an unholy light!
The bag of meat convulses! x2; The meat berserker convulses!
The meat beast bites you!!
* * * LOW HITPOINT WARNING * * *
The meat beast tramples you.
You stumble backwards!
A destroyer comes into view. It is wielding a +9 vorpal great sword.
You hear a shout! x2
The meat berserker rages.
You hear a shout!
The meat berserker moves out of view.
The meat beast moves out of view.
You hear a shout! x2; The destroyer shouts!
You hear a shout! x2
Your Ice Magic skill gained 4 levels and is now at level 23!
Your Air Magic skill gained 4 levels and is now at level 20!
You have mastered Earth Magic!
Your Poison Magic skill gained 3 levels and is now at level 21!
Unknown command.
You hit the tyrant but do no damage.
You pulverise the tyrant into a thin bloody mist.
You destroy the tyrant!
Makhleb accepts your kill.
The large abomination disappears in a puff of smoke! x3
You cut the meat beast into ribbons!!!
You pulverise the meat beast into a thin bloody mist.
You kill the meat beast!
Makhleb accepts your kill.
You feel something staring at you.
A fireball appears from out of thin air!
The fireball explodes!
Deactivating autopickup; reactivate with Ctrl-A.
The fireball engulfs you!!!
You die...

* , .....,,.. , *
,#M.. ..# , , , ,
,,, . ,,#... ..# , *
, ,.O###... ..###. ,
, ,, ,
.o....###......
,,,,, , *
..o.._o....., , , ,
, , ,#))).V# . * ,
,. #_)§)_#, 2W. , ,,
,, ....#))@))#§....,
* , ,,
*.....D{)_§.§.....,,
,,,, ,
.....LX###§...... *
, ..###2.. ,.X###..
, , , D, #..., ..# .
,, , #.X. ..# , ,
,{....,... , , , ,
V... .... , * * ,
,,, .... ,


You could see an accursed, a tentacled monstrosity (summoned), a meat beast
(fast), a tyrant (fast), an eight-headed meat hydra, 2 destroyers and 2 bags of
meat.

Vanquished Creatures
  6 hell beasts (D)
  2 royal mummies (D)
  4 wraiths (D)
  14 vampire knights (D)
  25 ogres (D)
  3 two-headed ogres (D)
  5 liches (D)
  A hydra (D)
  53 orcs (D)
  A phantom (D)
  4 skeletal warriors (D)
118 creatures vanquished.

Vanquished Creatures (others)
  A two-headed ogre (D)
  An orc (D)
2 creatures vanquished.

Grand Total: 120 creatures vanquished

Notes
Turn   | Place    | Note
-------+----------+-------------------------------------------
     0 | D        | Found the +∞ Axe of Woe
     0 | D        | Groucho the Deep Dwarf Gladiator began the quest for the
                  | Orb.
     0 | D        | Reached XP level 1. HP: 19/19 MP: 1/1
     4 | D        | Became a worshipper of Makhleb the Destroyer
     4 | D        | Noticed a meat berserker
     4 | D        | Noticed a bag of meat
     5 | D        | Noticed a bag of meat
     6 | D        | Noticed a bag of meat
     6 | D        | Noticed a meat berserker
     6 | D        | Noticed a bag of meat
     7 | D        | Noticed a bag of meat
     7 | D        | Noticed a bag of meat
     8 | D        | Noticed a meat berserker
     9 | D        | Killed a meat berserker
     9 | D        | Noticed a meat berserker
     9 | D        | Noticed a bag of meat
    10 | D        | Reached XP level 2. HP: 26/26 MP: 2/2
    10 | D        | Reached XP level 3. HP: 32/32 MP: 3/3
    10 | D        | Reached XP level 4. HP: 39/39 MP: 4/4
    10 | D        | Reached XP level 5. HP: 45/45 MP: 5/5
    10 | D        | Reached XP level 6. HP: 52/52 MP: 6/6
    10 | D        | Reached XP level 7. HP: 58/58 MP: 7/7
    10 | D        | Reached XP level 8. HP: 66/66 MP: 8/8
    10 | D        | Gained mutation: You passively map the area around you.
                  | [Deep Dwarf growth]
    10 | D        | Reached XP level 9. HP: 73/73 MP: 9/9
    10 | D        | Reached XP level 10. HP: 80/80 MP: 10/10
    10 | D        | Reached XP level 11. HP: 86/86 MP: 11/11
    10 | D        | Killed a meat berserker
    10 | D        | Reached * piety under Makhleb
    10 | D        | Killed a meat berserker
    10 | D        | Killed a bag of meat
    10 | D        | Killed a bag of meat
    10 | D        | Reached ** piety under Makhleb
    10 | D        | Killed a bag of meat
    10 | D        | Killed a meat berserker
    10 | D        | Noticed a meat berserker
    10 | D        | Noticed a bag of meat
    11 | D        | Reached skill level 27 in Axes
    11 | D        | Reached skill level 27 in Dodging
    11 | D        | Reached XP level 12. HP: 138/138 MP: 12/12
    11 | D        | Reached XP level 13. HP: 145/145 MP: 13/13
    11 | D        | Gained mutation: You resist negative energy. (rN+) [Deep
                  | Dwarf growth]
    11 | D        | Reached XP level 14. HP: 153/153 MP: 14/14
    11 | D        | Reached XP level 15. HP: 160/160 MP: 15/15
    11 | D        | Noticed a meat berserker
    12 | D        | Noticed a meat berserker
    13 | D        | Reached *** piety under Makhleb
    17 | D        | Killed a meat berserker
    17 | D        | Reached **** piety under Makhleb
    17 | D        | Killed a meat berserker
    18 | D        | Reached skill level 27 in Armour
    18 | D        | Reached XP level 16. HP: 199/199 MP: 16/16
    18 | D        | Killed a meat berserker
    19 | D        | Reached skill level 27 in Fighting
    19 | D        | Reached ***** piety under Makhleb
    23 | D        | Reached XP level 17. HP: 208/208 MP: 16/33
    23 | D        | Noticed a destroyer
    23 | D        | Noticed a meat berserker
    23 | D        | Noticed a meat berserker
    23 | D        | Noticed a meat berserker
    24 | D        | Killed a destroyer
    25 | D        | Reached skill level 27 in Invocations
    25 | D        | Reached skill level 10 in Throwing
    25 | D        | Reached skill level 10 in Unarmed Combat
    27 | D        | Killed a meat berserker
    28 | D        | Noticed a meat berserker
    29 | D        | Killed a meat berserker
    29 | D        | Noticed a large bag of meat
    30 | D        | Noticed a sculptor of flesh
    30 | D        | Noticed a destroyer
    30 | D        | Noticed a meat berserker
    30 | D        | Noticed a destroyer
    30 | D        | Noticed a large bag of meat
    31 | D        | Killed a meat berserker
    32 | D        | Gained mutation: You passively map a large area around you.
                  | [Deep Dwarf growth]
    32 | D        | Reached XP level 18. HP: 218/218 MP: 18/35
    32 | D        | Killed a destroyer
    32 | D        | Reached ****** piety under Makhleb
    32 | D        | Noticed a destroyer
    32 | D        | Noticed a large bag of meat
    33 | D        | Noticed a sculptor of flesh
    34 | D        | Killed a sculptor of flesh
    35 | D        | Killed a meat berserker
    35 | D        | Noticed a destroyer
    35 | D        | Noticed a destroyer
    36 | D        | Reached skill level 27 in Throwing
    36 | D        | Reached skill level 27 in Unarmed Combat
    36 | D        | Reached skill level 1 in Maces & Flails
    36 | D        | Reached skill level 1 in Polearms
    36 | D        | Reached XP level 19. HP: 226/226 MP: 19/36
    36 | D        | Killed a meat berserker
    36 | D        | Noticed a meat berserker
    37 | D        | Reached skill level 10 in Polearms
    37 | D        | Killed a large bag of meat
    38 | D        | Reached skill level 15 in Maces & Flails
    38 | D        | Killed a destroyer
    38 | D        | Killed a destroyer
    38 | D        | Noticed a destroyer
    39 | D        | Reached XP level 20. HP: 216/236 MP: 19/37
    40 | D        | Noticed a destroyer
    41 | D        | Killed a destroyer
    41 | D        | Killed a large bag of meat
    41 | D        | Killed a large bag of meat
    41 | D        | Noticed a destroyer
    42 | D        | Reached skill level 27 in Maces & Flails
    42 | D        | Reached skill level 27 in Polearms
    42 | D        | Reached skill level 15 in Slings
    42 | D        | Reached XP level 21. HP: 186/244 MP: 20/38
    43 | D        | Killed a destroyer
    43 | D        | Killed a destroyer
    44 | D        | Killed a destroyer
    44 | D        | Noticed a tyrant
    45 | D        | Reached skill level 27 in Staves
    45 | D        | Reached skill level 27 in Slings
    45 | D        | Reached skill level 10 in Short Blades
    45 | D        | Reached XP level 22. HP: 239/254 MP: 20/39
    46 | D        | Reached skill level 15 in Long Blades
    47 | D        | Reached skill level 15 in Short Blades
    47 | D        | Noticed a destroyer
    48 | D        | Killed a destroyer
    48 | D        | Noticed a destroyer
    51 | D        | Reached skill level 27 in Short Blades
    51 | D        | Reached skill level 27 in Long Blades
    51 | D        | Reached XP level 23. HP: 252/262 MP: 21/40
    52 | D        | Killed a destroyer
    53 | D        | Killed a tyrant
    55 | D        | Noticed an accursed
    57 | D        | Reached skill level 27 in Crossbows
    57 | D        | Reached XP level 24. HP: 272/272 MP: 23/40
    57 | D        | Killed a destroyer
    59 | D        | Noticed a tyrant
    60 | D        | Noticed a destroyer
    62 | D        | Killed a tyrant
    63 | D        | Reached skill level 27 in Bows
    63 | D        | Reached skill level 15 in Shields
    67 | D        | Reached skill level 27 in Shields
    67 | D        | Reached skill level 10 in Evocations
    67 | D        | Noticed a meat beast
    68 | D        | Killed a destroyer
    69 | D        | Noticed a tyrant
    70 | D        | Reached skill level 27 in Evocations
    70 | D        | Reached skill level 15 in Spellcasting
    70 | D        | Reached XP level 25. HP: 280/280 MP: 25/42
    70 | D        | Killed a meat beast
    71 | D        | Reached skill level 27 in Spellcasting
    72 | D        | Reached skill level 15 in Conjurations
    72 | D        | Noticed a dread
    74 | D        | Noticed a dread
    75 | D        | Killed an accursed
    76 | D        | Reached skill level 27 in Conjurations
    76 | D        | Reached XP level 26. HP: 267/290 MP: 27/54
    77 | D        | Reached skill level 15 in Hexes
    77 | D        | Killed a tyrant
    77 | D        | Noticed a dread
    78 | D        | Killed a dread
    79 | D        | Reached skill level 27 in Hexes
    81 | D        | Noticed a dread
    81 | D        | Noticed a destroyer
    82 | D        | Noticed a destroyer
    82 | D        | Noticed a meat beast
    82 | D        | Noticed a meat beast
    83 | D        | Killed a dread
    84 | D        | Killed a dread
    84 | D        | Noticed a meat beast
    85 | D        | Reached skill level 27 in Summonings
    85 | D        | Reached XP level 27. HP: 105/298 MP: 29/54
    86 | D        | Noticed a meat beast
    86 | D        | Killed a meat beast
    86 | D        | Killed a destroyer
    87 | D        | Reached skill level 27 in Necromancy
    87 | D        | Killed a meat beast
    87 | D        | Killed a large bag of meat
    88 | D        | Reached skill level 27 in Translocations
    88 | D        | Killed a meat beast
    88 | D        | Noticed an accursed
    89 | D        | Killed a meat beast
    89 | D        | Killed a destroyer
    90 | D        | Reached skill level 27 in Transmutations
    90 | D        | Reached skill level 27 in Fire Magic
    91 | D        | Killed a dread
    91 | D        | Noticed a tyrant
    93 | D        | Reached skill level 15 in Air Magic
    94 | D        | Noticed a meat beast
    95 | D        | Noticed a dread
    95 | D        | Noticed a tyrant
    96 | D        | Noticed a tyrant
    97 | D        | Killed a tyrant
    98 | D        | Noticed a destroyer
    99 | D        | Noticed a meat beast
   100 | D        | Noticed a meat beast
   100 | D        | Noticed an accursed
   101 | D        | Noticed a meat beast
   102 | D        | Noticed a meat beast
   103 | D        | Noticed a meat beast
   103 | D        | Killed an accursed
   103 | D        | Noticed a destroyer
   104 | D        | Reached skill level 27 in Earth Magic
   104 | D        | Killed a tyrant
   104 | D        | Killed a meat beast
   104 | D        | Killed from afar by an observer

Illustrated notes

Levels and vault maps discovered:
D:        meatsprint

Skill      XL: |  1  2  3  4  5  6  7  8  9 10 11 12 13 14 15 16 17 18 19 20 21 22 23 24 25 26 27 |
---------------+----------------------------------------------------------------------------------+-----
Axes           | 22 27 | 27.0
Dodging        | 22 27 | 27.0
Fighting       | 17 26 27 | 27.0
Armour         | 20 27 | 27.0
Invocations    | 25 27 | 27.0
Throwing       | 20 27 | 27.0
Unarmed Combat | 20 27 | 27.0
Maces & Flails | 1 22 27 | 27.0
Polearms       | 1 20 27 | 27.0
Staves         | 13 27 | 27.0
Slings         | 15 27 | 27.0
Short Blades   | 10 27 | 27.0
Long Blades    | 11 27 | 27.0
Bows           | 2 21 27 | 27.0
Crossbows      | 4 27 | 27.0
Shields        | 27 | 27.0
Evocations     | 27 | 27.0
Spellcasting   | 15 27 | 27.0
Conjurations   | 27 | 27.0
Hexes          | 2 27 | 27.0
Summonings     | 27 | 27.0
Necromancy     | 7 27 | 27.0
Translocations | 27 | 27.0
Transmutations | 27 | 27.0
Fire Magic     | 27 | 27.0
Ice Magic      | 23 | 23.5
Air Magic      | 20 | 20.0
Earth Magic    | 27 | 27.0
Poison Magic   | 21 | 21.8

Action                   |  1- 3 |  4- 6 |  7- 9 | 10-12 | 13-15 | 16-18 | 19-21 | 22-24 | 25-27 || total
-------------------------+-------+-------+-------+-------+-------+-------+-------+-------+-------++-------
Melee: Executioner's axe |     1 |       |       |     1 |     4 |    10 |     9 |    20 |    23 ||    68
  Use: Potion            |       |       |       |       |       |       |       |       |     1 ||     1
Armor: Leather armour    |       |       |       |       |       |       |       |       |     1 ||     1
Dodge: Dodged            |       |       |       |       |       |     2 |       |       |     2 ||     4
